 Dungeon Crawl Stone Soup version 0.17-a0-957-ga3519be (webtiles) character file.

284 oplop the Changer (level 6, -20/38 HPs)
             Began as an Octopode Transmuter on May 7, 2015.
             Demolished by an orc warrior
             ... wielding a +0 halberd
              (25 damage)
             ... on level 3 of the Dungeon.
             The game lasted 00:08:16 (3723 turns).

oplop the Changer (Octopode Transmuter)             Turns: 3723, Time: 00:08:16

Health: -20/38     AC:  1    Str: 10    XL:     6   Next: 29%
Magic:  10/12      EV:  8    Int: 17    God:
Gold:   105        SH:  0    Dex: 12    Spells: 4 memorised, 2 levels left

rFire  . . .     SeeInvis .     p - +0 dagger (venom)
rCold  . . .     Clarity  .     (no shield)
rNeg   . . .     SustAb   .     (helmet restricted)
rPois  .         Gourm    .     i - amulet of resist mutation
rElec  .         Spirit   .     k - ring of wizardry
rCorr  .         Warding  .     u - ring of teleport control
rMut   +         Stasis   .     (no ring)
MR     .....                    (no ring)
Stlth  ++........               (no ring)
                                (no ring)
                                (no ring)
                                (no ring)

@: appendage, not resistant to hostile enchantments, unstealthy
A: almost no armour, amphibious, 8 rings, constrict 8, tentacle spike 3,
camouflage 1, gelatinous body 1
a: End Transformation, Evoke Teleport Control


You were on level 3 of the Dungeon.
You were not hungry.
One of your tentacles had a temporary spike.
You visited 1 branch of the dungeon, and saw 3 of its levels.

You collected 105 gold pieces.

Inventory:

Hand weapons
 p - a +0 dagger of venom (weapon)
Missiles
 a - 35 arrows
 f - 71 stones (quivered)
 n - 84 bolts
 y - 3 javelins
Jewellery
 i - an amulet of resist mutation (around mantle)
 k - a ring of wizardry (left tentacle)
 u - a ring of teleport control (right tentacle)
Scrolls
 g - a scroll of immolation {unknown}
 j - 3 scrolls of teleportation {unknown}
 l - a scroll of blinking {unknown}
 m - a scroll of enchant armour {unknown}
 s - a scroll of noise {unknown}
 t - a scroll of remove curse {unknown}
 v - a scroll of identify {unknown}
 w - a scroll of fog {unknown}
 x - a scroll of fear {unknown}
Potions
 e - a potion of curing
 h - a potion of cure mutation {unknown}
 o - a potion of agility
 q - a potion of brilliance {unknown}
 r - a potion of might {unknown}
Books
 b - a book of Changes

   Spells                             Type                      Level
   a - Beastly Appendage              Transmutation                1
   b - Sticks to Snakes               Transmutation                2
   c - Spider Form                    Transmutation/Poison         3
   d - Ice Form                       Ice/Transmutation            4
   e - Blade Hands                    Transmutation                5
Comestibles
 c - 4 bread rations
 d - 2 meat rations


   Skills:
 - Level 1.0 Fighting
 + Level 2.8 Dodging
 - Level 3.0 Unarmed Combat
 + Level 4.1 Spellcasting
 + Level 4.4 Transmutations


You had 2 spell levels left.
You knew the following spells:

 Your Spells              Type           Power        Failure   Level  Hunger
a - Beastly Appendage     Trmt           ###...       1%          1    None
b - Sticks to Snakes      Trmt           ###.......   1%          2    ##.....
c - Spider Form           Trmt/Pois      ##........   9%          3    ###....
d - Blade Hands           Trmt           ###.......   38%         5    ######.


Dungeon Overview and Level Annotations

Branches:
Dungeon (3/15)

Altars:
Kikubaaqudgha

Annotations:
D:3 exclusion: 2 orc priests


Innate Abilities, Weirdness & Mutations

You cannot wear most types of armour.
You are amphibious.
You can wear up to eight rings at the same time.
You can use your tentacles to constrict eight enemies at once.
Your skin changes colour to match your surroundings (Stealth).
Your rubbery body absorbs attacks (AC +1).
One of your tentacles bears a large vicious spike.


Message History

One of your tentacles grows a vicious spike.
Casting: Beastly Appendage
Confirm with . or Enter, or press ? or * to list all spells.
You extend your transformation's duration.
The orc barely misses you.
Really walk into a travel-excluded area?
An orc warrior comes into view. It is wielding a halberd.
The orc shouts!
The orc priest shouts!
You hear a shout!
The orc barely misses you. The orc hits you.
The orc warrior hits you from afar with a halberd!
An orc comes into view. It is wielding a dagger.
Unknown command.
The orc misses you.
The orc warrior hits you from afar with a halberd!
* * * LOW HITPOINT WARNING * * *
There is an escape hatch in the ceiling, spattered with blood here.
Unknown command.
The orc warrior hits you from afar with a halberd!!
Ouch! That really hurt!
You die...

##.########....# ... #.#
###### .### #.# ..
#.#################.##.
#....................o>#
###################.o..#
#...#............# o.
#.#.#.##########.#.#
#.#...# .. #o@...#
#.##### #.#.#o##### #.#
#.o........ ##.#
..........##### ...#
.#######.## #.## #.. ..#
###. ### .. ##


You could see an orc warrior and 2 orcs.

Vanquished Creatures
  An orc wizard (D:3)
  Crazy Yiuf (D:2)
  Ijyb (D:2)
  An orc priest (D:3)
  Jessica (D:2)
  Terence (D:3)
  5 adders
  A worm (D:2)
  3 giant geckos
  4 orcs (D:3)
  5 bats
  A giant cockroach (D:1)
  10 goblins
  8 hobgoblins
  4 jackals (D:2)
  5 quokkas
  A ball python (D:3)
  5 giant newts
  8 kobolds
  A rat (D:2)
67 creatures vanquished.

Notes
Turn   | Place    | Note
--------------------------------------------------------------
     0 | D:1      | oplop, the Octopode Transmuter, began the quest for the Orb.
     0 | D:1      | Reached XP level 1. HP: 13/13 MP: 3/3
   410 | D:1      | Reached XP level 2. HP: 13/18 MP: 1/5
  1211 | D:2      | Reached XP level 3. HP: 23/23 MP: 5/7
  1266 | D:2      | Learned a level 2 spell: Sticks to Snakes
  1572 | D:2      | Noticed Crazy Yiuf
  1584 | D:2      | Killed Crazy Yiuf
  1584 | D:2      | Reached XP level 4. HP: 3/28 MP: 6/8
  2341 | D:2      | Noticed Ijyb
  2354 | D:2      | Killed Ijyb
  2354 | D:2      | Reached XP level 5. HP: 22/33 MP: 10/10
  2462 | D:2      | Noticed Jessica
  2471 | D:2      | Killed Jessica
  2471 | D:2      | Reached skill level 4 in Transmutations
  2917 | D:2      | Learned a level 3 spell: Spider Form
  2962 | D:3      | Found an ancient bone altar of Kikubaaqudgha.
  3269 | D:3      | Noticed Terence
  3290 | D:3      | Killed Terence
  3311 | D:3      | Reached XP level 6. HP: 11/38 MP: 8/12
  3545 | D:3      | Learned a level 5 spell: Blade Hands
  3720 | D:3      | Noticed an orc warrior
  3723 | D:3      | Demolished by an orc warrior

Action                   |  1- 3 |  4- 6 || total
-------------------------+-------+-------++-------
Melee: Unarmed           |    63 |    90 ||   153
       Dagger            |       |    39 ||    39
Throw: Stone             |    12 |       ||    12
 Cast: Beastly Appendage |    12 |    17 ||    29
       Spider Form       |       |     4 ||     4
  Use: Potion            |     4 |     1 ||     5
 Stab: Sleeping          |     3 |     2 ||     5
       Invisible         |     3 |       ||     3
  Eat: Chunk             |     2 |     2 ||     4
       Beef jerky        |       |     1 ||     1
       Meat ration       |       |     1 ||     1
